Map: Eastwatch LE

Players

Fluke - Winner!

  • Race: Zerg Zerg
  • League: Diamond
  • Spawn Location: 1:00

Marzo

  • Race: Terran Terran
  • League: Diamond
  • Spawn Location: 7:00

VOD

Have the link to the VOD?

Description

Time

  • Played on: March 31, 2018, 11:59 p.m.
  • Length: 18:36
Show
View Real Time Build Order
Export as new Build Order

Fluke Zerg - Winner!

Build Orders: Pool First 

Get SALT Encoding   

  12  0:02  Drone  
  13  0:08  Drone  
  14  0:19  Overlord  
  14  0:29  Extractor x2, Drone x2  
  16  0:40  Drone  
  17  0:43  Extractor  
  16  0:50  Spawning Pool  
  16  0:51  Drone  
  16  0:57  Drone  
  17  1:07  Drone  
  18  1:18  Drone  
  19  1:26  Hatchery  
  18  1:37  Queen  
  20  1:41  Overlord  
  20  1:44  Drone  
  21  1:52  Drone  
  22  2:03  Drone  
  22  2:07  Metabolic Boost  
  23  2:11  Zergling x2  
  23  2:15  Queen  
  26  2:22  Zergling x2  
  27  2:33  Drone  
  27  2:45  Drone x3  
  27  2:46  Drone  
  27  2:47  Drone  
  27  2:49  Drone  
  33  2:54  Queen  
  33  2:55  Overlord  
  35  3:00  Overlord  
  35  3:11  Drone  
  36  3:13  Overlord  
  36  3:17  Drone  
  37  3:21  Drone  
  37  3:24  Drone x3  
  41  3:30  Drone  
  41  3:32  Drone  
  43  3:47  Drone x2  
  44  3:51  Drone  
  44  3:53  Drone  
  44  3:54  Extractor, Drone x2, Hatchery  
  44  3:55  Drone  
  47  3:56  Drone  
  47  3:57  Drone x2  
  50  4:04  Overlord  
  50  4:05  Evolution Chamber  
  50  4:08  Drone  
  50  4:13  Extractor  
  50  4:16  Overlord  
  49  4:21  Zergling x2  
  50  4:27  Zergling x4  
  52  4:32  Drone x3  
  52  4:33  Spore Crawler, Drone  
  52  4:35  Extractor, Zergling x4  
  52  4:37  Queen  
  58  4:40  Zerg Melee Weapons Level 1  
  58  4:42  Zergling x4  
  61  4:52  Drone  
  61  4:53  Drone  
  62  5:00  Zergling x6  
  62  5:06  Lair, Overlord  
  62  5:07  Overlord  
  65  5:08  Baneling Nest  
  65  5:10  Zergling x8  
  68  5:15  Evolution Chamber  
  68  5:19  Zergling x4  
  69  5:23  Drone  
  70  5:31  Drone  
  70  5:32  Drone x4, Overlord  
  70  5:33  Overlord  
  70  5:34  Zergling x2  
  76  5:38  Spine Crawler  
  75  5:43  Drone x3  
  75  5:44  Spore Crawler  
  75  5:45  Zerg Ground Armor Level 1, Zergling x2  
  78  5:56  Pneumatized Carapace  
  78  5:58  Burrow  
  78  6:03  Spore Crawler, Zergling x2  
  78  6:04  Zergling x8  
  82  6:09  Baneling x2  
  82  6:10  Centrifical Hooks, Baneling x5  
  82  6:24  Zergling x2  
  82  6:25  Zergling x18  
  92  6:27  Baneling x2  
  92  6:33  Drone x2  
  92  6:34  Hydralisk Den  
  93  6:58  Zergling x14, Hatchery  
  93  7:00  Overlord x3  
  96  7:17  Overlord x2  
  96  7:21  Infestation Pit, Baneling x3  
  95  7:23  Baneling x3  
  95  7:24  Baneling  
  95  7:31  Zergling x22  
  95  7:35  Hydralisk  
  108  7:43  Baneling  
  108  7:44  Baneling x9  
  107  7:45  Zergling x4  
  107  7:50  Zerg Melee Weapons Level 2, Zerg Ground Armor Level 2  
  109  7:52  Zergling x8  
  109  7:55  Baneling x2  
  113  8:08  Baneling x5  
  113  8:10  Baneling  
  113  8:16  Extractor  
  113  8:17  Drone x3  
  115  8:21  Extractor  
  114  8:28  Hydralisk x3  
  120  8:36  Zergling x2  
  120  8:37  Zergling x14  
  120  8:39  Overlord  
  128  8:44  Overlord, Hive  
  128  8:45  Overlord  
  128  8:49  Baneling x3  
  128  9:01  Grooved Spines  
  128  9:10  Overlord  
  128  9:13  Baneling x3  
  128  9:20  Zergling x14  
  128  9:21  Zergling x18  
  144  9:33  Drone x4  
  144  9:36  Extractor  
  147  9:38  Extractor  
  147  9:45  Hydralisk x7  
  147  9:49  Baneling x2  
  159  10:10  Drone, Overlord x2  
  159  10:11  Overlord x2  
  159  10:12  Muscular Augments  
  160  10:15  Ultralisk Cavern  
  153  10:32  Drone x2  
  153  10:33  Drone  
  154  10:50  Zergling x36  
  154  10:51  Zergling x14  
  154  10:56  Zerg Ground Armor Level 3  
  179  10:57  Zerg Melee Weapons Level 3  
  179  11:00  Baneling x3  
  177  11:23  Hydralisk x7  
  177  11:25  Overlord x3  
  163  11:47  Hydralisk  
  163  11:48  Hydralisk x9  
  166  11:59  Hydralisk x3  
  142  12:06  Zergling x18  
  136  12:09  Zergling x2  
  136  12:10  Zergling x6  
  136  12:11  Drone x3  
  136  12:12  Drone  
  144  12:19  Drone x2  
  139  12:27  Zergling x6  
  142  12:31  Ultralisk  
  122  12:57  Hydralisk  
  122  12:58  Hydralisk x3  
  109  13:00  Zergling x16  
  119  13:06  Zergling x2  
  119  13:08  Overlord  
  119  13:09  Chitinous Plating  
  119  13:11  Hydralisk, Adrenal Glands  
  119  13:12  Hydralisk  
  123  13:29  Hydralisk x2  
  123  13:33  Zergling x18  
  135  13:41  Zergling x12  
  138  13:52  Zergling x10  
  138  13:55  Ultralisk, Hatchery  
  148  13:57  Zerg Missile Weapons Level 1  
  135  14:17  Baneling x8  
  135  14:18  Baneling x4  
  133  14:26  Zergling x2  
  133  14:27  Zergling x18  
  133  14:29  Hydralisk x4  
  151  14:32  Baneling  
  151  14:33  Baneling x4  
  151  14:49  Hydralisk x5  
  160  15:04  Ultralisk  
  166  15:10  Baneling x2  
  122  15:31  Zergling x36  
  100  15:48  Ultralisk x3  
  106  15:51  Baneling x3  
  106  15:52  Baneling x8  
  106  15:53  Baneling x2  
  106  15:54  Baneling x2  
  106  15:56  Baneling x2  
  106  15:58  Drone x4  
  106  16:04  Baneling x3  
  109  16:13  Zergling x22  
  109  16:16  Baneling x3  
  120  16:23  Ultralisk  
  126  16:30  Ultralisk  
  132  16:39  Spire  
  115  17:02  Hydralisk  
  115  17:03  Hydralisk x12  
  115  17:05  Baneling  
  115  17:06  Baneling x2  
  115  17:07  Baneling  
  139  17:18  Drone x14  
  136  17:34  Hydralisk  
  136  17:35  Hydralisk x4  
  146  17:41  Hatchery  
  145  17:48  Hatchery  
  144  17:52  Baneling x2  
  143  18:09  Baneling x5  
  140  18:15  Baneling  
Show
View Real Time Build Order
Export as new Build Order

Marzo Terran 

Build Orders: Reaper Expand, MMM Bio 

Get SALT Encoding   

  12  0:00  SCV  
  13  0:13  SCV  
  14  0:17  Supply Depot  
  14  0:25  SCV  
  15  0:38  SCV  
  15  0:40  Barracks  
  16  0:46  Refinery  
  16  0:50  SCV  
  17  1:03  SCV  
  18  1:15  SCV  
  19  1:28  Orbital Command  
  19  1:30  Reaper  
  20  1:49  Command Center  
  20  1:54  Refinery  
  20  1:56  SCV  
  21  2:07  Factory  
  21  2:12  SCV  
  22  2:17  Supply Depot  
  22  2:22  Barracks Reactor  
  22  2:26  SCV  
  23  2:40  SCV  
  24  2:51  Factory Tech Lab  
  24  2:56  SCV  
  25  2:58  Marine x2  
  25  3:03  Orbital Command  
  27  3:08  SCV  
  27  3:11  Siege Tank  
  31  3:18  Marine x2  
  33  3:20  SCV  
  33  3:23  Starport  
  34  3:29  SCV  
  34  3:32  SCV  
  36  3:40  Marine x2  
  37  3:45  SCV  
  38  3:52  SCV  
  38  3:55  Siege Tank  
  42  3:57  SCV  
  43  4:04  SCV  
  43  4:07  Viking  
  46  4:17  Supply Depot  
  46  4:25  Supply Depot  
  46  4:35  Command Center  
  46  4:39  Marine x2, SCV  
  46  4:45  SCV  
  50  4:51  Barracks, Starport Reactor, SCV  
  50  4:52  Barracks  
  51  4:57  SCV, Supply Depot  
  52  5:02  Engineering Bay  
  52  5:10  SCV x2, Engineering Bay  
  54  5:15  Marine x2  
  54  5:20  Supply Depot  
  56  5:22  SCV  
  56  5:25  SCV  
  58  5:29  Refinery  
  58  5:33  Terran Infantry Weapons Level 1, Marine x2  
  60  5:37  Terran Infantry Armor Level 1  
  60  5:38  SCV x2  
  60  5:40  Barracks Tech Lab  
  60  5:41  Barracks Tech Lab  
  62  5:44  Supply Depot  
  62  5:49  Orbital Command  
  62  5:50  SCV x2  
  64  5:57  Marine x2  
  64  5:58  Siege Tank  
  64  6:01  Stimpack  
  64  6:02  Combat Shields  
  69  6:04  SCV  
  69  6:10  Supply Depot  
  69  6:11  SCV  
  71  6:12  Orbital Command  
  71  6:15  Refinery  
  71  6:16  SCV  
  72  6:21  Medivac x2, Marine  
  72  6:22  Marine x2  
  72  6:23  Marine  
  80  6:29  Armory  
  80  6:35  SCV x2  
  80  6:39  Marine x2  
  82  6:40  SCV  
  82  6:47  Marine x2, SCV x2  
  86  6:52  SCV  
  90  6:55  Barracks  
  90  6:56  Barracks  
  90  6:59  Marine x2, SCV  
  93  7:08  Marine x2  
  94  7:12  SCV x3  
  98  7:17  Marine x2  
  98  7:19  Refinery x2  
  98  7:22  Supply Depot  
  100  7:24  SCV x2, Supply Depot  
  100  7:26  Marine x2  
  100  7:29  Terran Infantry Weapons Level 2  
  104  7:32  Terran Infantry Armor Level 2  
  104  7:35  Marine x2  
  106  7:40  Barracks x2  
  106  7:44  Barracks Reactor, Marine  
  101  7:46  Barracks Reactor  
  101  7:49  Siege Tank  
  104  7:51  Terran Vehicle And Ship Armor Level 1  
  104  7:55  Barracks, SCV x3  
  107  8:03  Marine x4  
  111  8:07  SCV  
  111  8:11  Medivac x2  
  116  8:21  Concussive Shells, Marine x2, SCV x2  
  116  8:24  Command Center  
  120  8:30  Marine x3, Supply Depot  
  120  8:31  Barracks Tech Lab  
  120  8:32  Supply Depot  
  120  8:33  Barracks Tech Lab  
  123  8:39  SCV  
  123  8:40  SCV  
  125  8:46  Barracks Tech Lab  
  125  8:52  Marine x3, Marauder, Siege Tank  
  125  8:53  Marine x4  
  125  8:54  Marauder x2  
  141  9:04  Starport  
  141  9:06  Fusion Core  
  141  9:15  Supply Depot  
  140  9:19  Liberator x2  
  140  9:29  Factory  
  140  9:36  Marauder x2, Siege Tank  
  153  9:40  Marine x3, Marauder x2  
  153  9:41  Marine, Marauder  
  153  9:43  Planetary Fortress  
  163  9:46  Refinery, Marine  
  163  9:51  Starport Tech Lab  
  164  9:54  Marine  
  164  10:15  Terran Infantry Weapons Level 3, Terran Infantry Armor Level 3  
  164  10:20  Refinery  
  164  10:27  Liberator, Marine  
  164  10:28  Liberator  
  164  10:32  Advanced Ballistics  
  164  10:34  Factory Tech Lab  
  164  10:42  Supply Depot  
  164  10:43  Supply Depot  
  164  10:44  Marine, Marauder, Siege Tank  
  164  10:45  SCV x2, Marauder x2  
  164  10:47  Liberator  
  172  10:55  Factory  
  172  10:59  Supply Depot  
  172  11:04  SCV x3, Marauder  
  172  11:05  Marauder  
  182  11:16  SCV  
  183  11:22  Siege Tank x2  
  171  11:25  Marine  
  171  11:26  Marine x7  
  171  11:27  Medivac, Marine  
  171  11:28  Medivac  
  171  11:30  Liberator  
  184  11:40  Liberator  
  167  11:54  Marine x2, Siege Tank  
  167  11:55  Marine x4  
  160  12:03  Marine  
  160  12:04  Marine x4  
  155  12:12  Marine x2  
  157  12:18  Command Center  
  157  12:28  Factory Tech Lab  
  157  12:31  Command Center  
  157  12:35  Command Center  
  157  12:38  Armory  
  157  12:39  Terran Vehicle Weapons Level 1  
  153  12:46  Marauder x3  
  120  12:52  Siege Tank x2  
  120  12:57  Marine x2  
  120  12:58  Marine x3, Marauder  
  110  13:03  Marine, Marauder  
  114  13:07  Marine, Marauder x2  
  119  13:15  Marine x2  
  119  13:17  Marine x3  
  119  13:19  SCV  
  127  13:20  Marauder  
  127  13:21  Marine  
  127  13:25  Marauder x2  
  132  13:29  Marauder x2  
  136  13:38  Marine x2  
  136  13:39  SCV x2  
  142  13:41  Marauder  
  142  13:46  Marauder  
  142  13:47  Marauder  
  146  13:55  SCV  
  146  13:56  SCV  
  146  14:14  Liberator x2  
  122  14:29  Siege Tank x2  
  134  14:35  Command Center  
  134  14:37  Liberator  
  134  14:56  Liberator x2  
  143  15:20  Liberator  
  98  15:31  Marine x7, Marauder x3  
  98  15:32  Marine  
  97  15:50  Marauder x2  
  97  15:51  SCV  
  97  15:52  Marauder  
  97  15:53  SCV x2  
  104  16:00  Planetary Fortress  
  96  16:12  Refinery  
  96  16:13  Missile Turret  
  96  16:14  SCV x2  
  96  16:19  Marine, Marauder  
  96  16:25  SCV  
  100  16:26  SCV  
  100  16:29  Marauder  
  103  16:36  SCV  
  103  16:37  SCV  
  103  16:39  Marauder x2  
  109  16:45  Marine x5  
  111  16:48  Orbital Command  
  96  17:01  Marine  
  96  17:02  Marauder x3  
  103  17:08  Marine  
  103  17:09  Marauder x2  
  103  17:10  SCV  
  109  17:21  Marine x2  
  109  17:22  Liberator  
  108  17:23  Marauder x3  
  108  17:25  Medivac  
  108  17:26  SCV  
  109  17:30  SCV x2  
  109  17:31  SCV  
  106  17:40  SCV  
  104  17:53  Marine x5  
  109  18:02  Marine x2  
  109  18:03  SCV x2, Marauder x2  
  101  18:23  SCV  
Tags
 
Add a new tag
Caveats
  • Supply blocks, unpowered buildings, or Contaminate may cause inaccurate times.
  • Supply counts are checked every 10 seconds.